Map: Crête de Lerilak

Players

zidar

  • Race: Zerg Zerg
  • League: Silver
  • Spawn Location: 5:00

Mythra - Winner!

  • Race: Protoss Protoss
  • League: Silver
  • Spawn Location: 1:00

VOD

Have the link to the VOD?

Description

Time

  • Played on: Dec. 30, 2015, 2:19 p.m.
  • Length: 4:22
Show
View Real Time Build Order
Export as new Build Order

zidar Zerg 

Build Orders: Hatch First 

Get SALT Encoding   

  12  0:02  Drone  
  13  0:12  Overlord  
  13  0:17  Drone  
  14  0:30  Drone x2  
  14  0:34  Drone  
  17  0:59  Hatchery  
  17  1:00  Drone  
  17  1:15  Spawning Pool  
  17  1:17  Extractor  
  15  1:19  Drone  
  15  1:23  Drone  
  17  1:26  Drone  
  18  1:39  Overlord  
  18  1:49  Drone  
  19  2:06  Queen  
  21  2:11  Queen  
  21  2:13  Drone x3  
  26  2:23  Metabolic Boost  
  26  2:33  Zergling x2  
  27  2:40  Zergling x6  
  30  2:45  Overlord  
  30  3:03  Zergling x2  
  30  3:04  Zergling x6  
  34  3:11  Roach Warren  
  33  3:14  Zergling x4  
  35  3:26  Spine Crawler  
  25  3:42  Zergling x8  
  25  3:43  Zergling x4  
  30  4:00  Zergling x6  
Show
View Real Time Build Order
Export as new Build Order

Mythra Protoss - Winner!

Build Orders:  

Get SALT Encoding   

  12  0:04  Probe (Chrono Boost)  
  13  0:23  Pylon  
  13  0:25  Probe (Chrono Boost)  
  15  0:35  Probe (Chrono Boost)  
  15  0:45  Gateway  
  15  0:46  Probe (Chrono Boost)  
  16  0:57  Probe (Chrono Boost)  
  17  1:08  Pylon  
  17  1:11  Gateway  
  17  1:12  Probe (Chrono Boost)  
  18  1:34  Zealot  
  18  1:38  Assimilator  
  18  1:39  Probe (Chrono Boost)  
  21  1:44  Pylon  
  21  1:47  Gateway  
  21  2:01  Zealot x2  
  25  2:14  Cybernetics Core  
  25  2:28  Zealot x2  
  29  2:40  Pylon  
  29  2:45  Zealot  
  31  2:58  Zealot, Stalker  
  35  3:13  Probe  
  35  3:14  Pylon  
  35  3:15  Pylon  
  36  3:22  Assimilator  
  36  3:25  Probe  
  37  3:38  Probe  
Tags
 
Add a new tag
Caveats
  • Supply blocks, unpowered buildings, or Contaminate may cause inaccurate times.
  • Supply counts are checked every 10 seconds.